 Dungeon Crawl Stone Soup version 0.14.1-1-g650416f (webtiles) character file.

94 BoredOne the Skirmisher (level 2, -4/19 HPs)
             Began as a Gargoyle Fighter on May 9, 2014.
             Slain by a worm (8 damage)
             ... on Level 2 of the Dungeon.
             The game lasted 00:03:22 (861 turns).

BoredOne the Skirmisher (Gargoyle Fighter)           Turns: 861, Time: 00:03:22

HP  -4/19        AC  9     Str 19      XL: 2   Next: 83%
MP   2/2         EV  6     Int  8      God:
Gold 73          SH 18     Dex  9      Spells:  0 memorised,  1 level left

rFire  . . .     SeeInvis .     a - +0 war axe
rCold  . . .     Clarity  .     b - +0 scale mail
rNeg   + . .     Conserve .     c - +0 shield
rPois  +         rCorr    .     (no helmet)
rElec  +         rRot     +     (no cloak)
SustAb . .       Spirit   .     (no gloves)
rMut   .         Warding  .     (no boots)
Saprov . . .     Stasis   .     (no amulet)
MR     .....                    (no ring)
                                (no ring)

@: not resistant to hostile enchantments, extremely unstealthy
A: life protection 1, electricity resistance, unbreathing, petrification
resistance, AC +2
a: no special abilities


You were on level 2 of the Dungeon.
You were not hungry.

You visited 1 branch of the dungeon, and saw 2 of its levels.

You collected 73 gold pieces.

Inventory:

Hand weapons
 a - a +0,+0 war axe (weapon)
Armour
 b - a +0 scale mail (worn)
 c - a +0 shield (worn)
Comestibles
 d - 3 bread rations
Scrolls
 f - a scroll of immolation {unknown}
 g - a scroll of identify {unknown}
 h - a scroll of recharging {unknown}
 i - a scroll of noise {unknown}
 l - a scroll of remove curse {unknown}
 m - a scroll of teleportation {unknown}
 o - 2 scrolls of fog {unknown}
Potions
 e - 2 potions of might
 j - a potion of invisibility {unknown}
 k - a potion of poison {unknown}
 n - a potion of curing {unknown}


   Skills:
 - Level 3.4 Fighting
 + Level 2.5 Axes
 - Level 3.4 Armour
 - Level 3.4 Shields


You had one spell level left.
You didn't know any spells.

Dungeon Overview and Level Annotations

Branches:
Dungeon (2/15)

Altars:


Innate Abilities, Weirdness & Mutations

You are resistant to torment.
You are immune to poison.
You are immune to rotting.
Your stone body is very resilient (AC +2).
You resist negative energy.
You are resistant to electric shocks.
You can survive without breathing.
You are immune to petrification.


Message History

* * * LOW HITPOINT WARNING * * *
You are too injured to fight recklessly!
You are too injured to fight recklessly!
You are too injured to fight recklessly!
You hit the worm.
The worm is heavily wounded.
The worm bites you.
* * * LOW HITPOINT WARNING * * *
Your shield prevents you from hitting the worm.
The worm is heavily wounded.
You hit the worm.
The worm is severely wounded.
The worm bites you but does no damage.
You slash the worm!
The worm is almost dead.
The worm bites you but does no damage.
You barely miss the worm.
The worm is almost dead.
The worm bites you!
You die...

# . #.... #.... #.... #%#.#
#.#.# #.#.# #... ..#####.#w#
#... ........%@.###... ..
#.####....##...# . .#
#....##...## ..# )####
##.#.##....# ..# .....
#####.#.# #...# ..#
...########...#.#.###...### #.#
..........................# #.#
...# #####...#.#)####.##.###.#
.##############.#.#...........#


You could see a worm.

Vanquished Creatures
  A giant gecko (D:1)
  An ooze (D:1)
  2 bats (D:1)
  2 goblins
  3 hobgoblins (D:1)
  2 kobolds (D:1)
  A quokka (D:2)
  2 giant cockroaches
  A giant newt (D:1)
  3 rats
18 creatures vanquished.

Notes
Turn   | Place    | Note
--------------------------------------------------------------
     0 | D:1      | BoredOne, the Gargoyle Fighter, began the quest for the Orb.
     0 | D:1      | Reached XP level 1. HP: 14/14 MP: 1/1
    38 | D:1      | Reached skill level 2 in Axes
   242 | D:1      | Reached XP level 2. HP: 19/19 MP: 2/2
   857 | D:2      | HP: 3/19 [worm (4)]
   861 | D:2      | Slain by a worm

Action                   || total
-------------------------++-------
Melee: War axe           ||    74
Dungeon Crawl Stone Soup version 0.14.1-1-g650416f (webtiles) character file. 94 BoredOne the Skirmisher (level 2, -4/19 HPs) Began as a Gargoyle Fighter on May 9, 2014. Slain by a worm (8 damage) ... on Level 2 of the Dungeon. The game lasted 00:03:22 (861 turns). BoredOne the Skirmisher (Gargoyle Fighter) Turns: 861, Time: 00:03:22 HP -4/19 AC 9 Str 19 XL: 2 Next: 83% MP 2/2 EV 6 Int 8 God: Gold 73 SH 18 Dex 9 Spells: 0 memorised, 1 level left rFire . . . SeeInvis . a - +0 war axe rCold . . . Clarity . b - +0 scale mail rNeg + . . Conserve . c - +0 shield rPois + rCorr . (no helmet) rElec + rRot + (no cloak) SustAb . . Spirit . (no gloves) rMut . Warding . (no boots) Saprov . . . Stasis . (no amulet) MR ..... (no ring) (no ring) @: not resistant to hostile enchantments, extremely unstealthy A: life protection 1, electricity resistance, unbreathing, petrification resistance, AC +2 a: no special abilities You were on level 2 of the Dungeon. You were not hungry. You visited 1 branch of the dungeon, and saw 2 of its levels. You collected 73 gold pieces. Dungeon Overview and Level Annotations Branches: Dungeon (2/15) Altars: Innate Abilities, Weirdness & Mutations You are resistant to torment. You are immune to poison. You are immune to rotting. Your stone body is very resilient (AC +2). You resist negative energy. You are resistant to electric shocks. You can survive without breathing. You are immune to petrification. Skills: - Level 3.4 Fighting + Level 2.5 Axes - Level 3.4 Armour - Level 3.4 Shields You had one spell level left. You didn't know any spells. Inventory: Hand weapons a - a +0,+0 war axe (weapon) Armour b - a +0 scale mail (worn) c - a +0 shield (worn) Comestibles d - 3 bread rations Scrolls f - a scroll of immolation {unknown} g - a scroll of identify {unknown} h - a scroll of recharging {unknown} i - a scroll of noise {unknown} l - a scroll of remove curse {unknown} m - a scroll of teleportation {unknown} o - 2 scrolls of fog {unknown} Potions e - 2 potions of might j - a potion of invisibility {unknown} k - a potion of poison {unknown} n - a potion of curing {unknown} Message History * * * LOW HITPOINT WARNING * * * You are too injured to fight recklessly! You are too injured to fight recklessly! You are too injured to fight recklessly! You hit the worm. The worm is heavily wounded. The worm bites you. * * * LOW HITPOINT WARNING * * * Your shield prevents you from hitting the worm. The worm is heavily wounded. You hit the worm. The worm is severely wounded. The worm bites you but does no damage. You slash the worm! The worm is almost dead. The worm bites you but does no damage. You barely miss the worm. The worm is almost dead. The worm bites you! You die... # . #.... #.... #.... #%#.# #.#.# #.#.# #... ..#####.#w# #... ........%@.###... .. #.####....##...# . .# #....##...## ..# )#### ##.#.##....# ..# ..... #####.#.# #...# ..# ...########...#.#.###...### #.# ..........................# #.# ...# #####...#.#)####.##.###.# .##############.#.#...........# You could see a worm.

Action                   || total
-------------------------++-------
Melee: War axe           ||    74

Vanquished Creatures
  A giant gecko (D:1)
  An ooze (D:1)
  2 bats (D:1)
  2 goblins
  3 hobgoblins (D:1)
  2 kobolds (D:1)
  A quokka (D:2)
  2 giant cockroaches
  A giant newt (D:1)
  3 rats
18 creatures vanquished. Notes Turn | Place | Note -------------------------------------------------------------- 0 | D:1 | BoredOne, the Gargoyle Fighter, began the quest for the Orb. 0 | D:1 | Reached XP level 1. HP: 14/14 MP: 1/1 38 | D:1 | Reached skill level 2 in Axes 242 | D:1 | Reached XP level 2. HP: 19/19 MP: 2/2 857 | D:2 | HP: 3/19 [worm (4)] 861 | D:2 | Slain by a worm

Vault maps used:
D:1:      matt_arrival_diagonals
D:2:      due_unseen_surprise
